 Dungeon Crawl Stone Soup version 0.28-a0-32-g8dfe7f97f6 (webtiles) character file.

Game seed: 12686050866490939749

6169 Strat the Fighter (level 10, 0/89 HPs)
             Began as a Mummy Hunter on July 27, 2021.
             Was an Initiate of Gozag.
             Slain by a two-headed ogre (28 damage)
             ... on level 10 of the Dungeon.
             The game lasted 00:24:58 (12770 turns).

Strat the Fighter (Mummy Hunter)                   Turns: 12770, Time: 00:24:58

Health: 0/89       AC: 12    Str: 19    XL:     10   Next: 60%
Magic:  10/10      EV: 11    Int: 11    God:    Gozag
Gold:   894        SH:  0    Dex: 12    Spells: 6/9 levels left

rFire   . . .      SeeInvis .   b - +4 trident (vamp)
rCold   + + .      Faith    .   (no shield)
rNeg    + + +      Spirit   .   t - +2 ring mail {rC+}
rPois   ∞          Reflect  .   l - +0 helmet
rElec   .          Harm     .   k - +0 cloak
rCorr   .          Rampage  .   (no gloves)
Will    ++...                   i - +0 pair of boots
Stlth   +.........              B - amulet of regeneration
HPRegen 1.24/turn               z - ring of willpower
MPRegen 0.12/turn               D - ring of protection from fire

@: no status effects
A: cold resistance 1, negative energy resistance 3, torment resistance 2, heat
vulnerability 1, no potions
a: Renounce Religion, Potion Petition, Call Merchant, Bribe Branch


You were on level 10 of the Dungeon.
You worshipped Gozag.
Gozag was pleased with you.
You visited 2 branches of the dungeon, and saw 11 of its levels.

You collected 1749 gold pieces.
You paid 855 gold pieces to Gozag.

Inventory:

Hand Weapons
 a - a +1 hand crossbow of flaming
 b - a +4 vampiric trident (weapon)
 g - a +0 short sword
 j - a +5 morningstar
 n - a +0 dagger of venom
 q - a +0 war axe of draining
Missiles
 c - a curare-tipped dart
 d - 106 bolts
 f - 258 stones (quivered)
 h - 3 throwing nets
 o - 11 boomerangs
Armour
 i - a +0 pair of boots (worn)
 k - a +0 cloak (worn)
 l - a +0 helmet (worn)
 t - a +2 ring mail of cold resistance (worn)
Jewellery
 y - a +6 ring of intelligence
 z - a ring of willpower (left hand)
 B - an amulet of regeneration (around neck)
 C - a ring of flight
 D - a ring of protection from fire (right hand)
Wands
 v - a wand of polymorph (2)
 w - a wand of paralysis (2)
 x - a wand of digging (6)
 A - a wand of flame (24)
 E - a wand of mindburst (7)
Scrolls
 e - 5 scrolls of magic mapping
 m - 3 scrolls of identify
 p - 7 scrolls of teleportation
 r - a scroll of enchant weapon
 s - a scroll of noise
 u - 2 scrolls of silence


   Skills:
 - Level 12.0 Fighting
 - Level 5.5 Crossbows
 + Level 7.7 Armour
 - Level 1.5 Dodging
 - Level 0.7 Stealth


You had 6 spell levels left.
You knew the following spells:

 Your Spells              Type           Power      Damage    Failure   Level
a - Vampiric Draining     Necr           0%         2d6       86%         3

Your spell library contained the following spells:

 Spells                   Type           Power      Damage    Failure   Level
 Slow                     Hex            0%         N/A       63%         2
 Confusing Touch          Hex            0%         N/A       86%         3
 Gell's Gravitas          Tloc           0%         N/A       86%         3
 Ozocubu's Armour         Ice            0%         N/A       86%         3
 Teleport Other           Tloc           0%         N/A       86%         3
 Fireball                 Conj/Fire      0%         3d3       100%        5
 Metabolic Englaciation   Hex/Ice        0%         N/A       100%        5
 Dispersal                Tloc           0%         N/A       100%        6
 Simulacrum               Ice/Necr       0%         N/A       100%        6
 Starburst                Conj/Fire      0%         8x6d3     100%        6
 Ignition                 Fire           0%         3d3       100%        8


Dungeon Overview and Level Annotations

Branches:
Dungeon (10/15)            Temple (1/1) D:5
   Lair: D:8-11         Orc: D:9-12

Altars:
Ashenzari
Cheibriados
Dithmenos
Elyvilon
Fedhas
Gozag
Hepliaklqana
Kikubaaqudgha
Makhleb
Nemelex Xobeh
Okawaru
Qazlal
Ru
Sif Muna
Trog
Uskayaw
Vehumet
Wu Jian
Xom
Yredelemnul
Zin
The Shining One

Annotations:
D:2 1 runed translucent door, Crazy Yiuf
D:5 Sigmund
D:7 1 runed translucent door, exclusion: ice statue, Pooter's ghost, novice MiBe


Innate Abilities, Weirdness & Mutations

You are immune to poison.
Your flesh is cold resistant. (rC+)
You are immune to negative energy. (rN+++)
You are immune to unholy pain and torment.
You are vulnerable to heat. (rF-)
You do not drink.


Message History

The centaur kicks you but does no damage.
The centaur zaps a wand.
You resist with almost no effort.
The centaur zaps a wand.
You resist with almost no effort. The centaur barely misses you.
The centaur kicks you but does no damage.
The centaur wields a +0 shortbow.
The centaur shoots an arrow.
The arrow completely misses you.
Found a book of Air.
The centaur zaps a wand.
You resist with almost no effort.
The centaur shoots an arrow.
The arrow hits you.
The centaur zaps a wand.
You resist with almost no effort.
The two-headed ogre hits you but does no damage.
The two-headed ogre hits you with a +0 giant club!
You see here a book of Air.
You hit the two-headed ogre but do no damage.
The two-headed ogre hits you with a +0 giant club!
The two-headed ogre closely misses you.
You puncture the two-headed ogre!
The two-headed ogre is lightly wounded.
The two-headed ogre hits you with a +0 giant club!
The two-headed ogre hits you with a +0 giant club!!
* * * LOW HITPOINT WARNING * * *
You are too injured to fight recklessly!
You are too injured to fight recklessly!
Unknown command.
You hit the two-headed ogre.
The two-headed ogre is lightly wounded.
The two-headed ogre hits you with a +0 giant club!
* * * LOW HITPOINT WARNING * * *
The two-headed ogre hits you with a +0 giant club!
* * * LOW HITPOINT WARNING * * *
You closely miss the two-headed ogre.
The two-headed ogre is lightly wounded.
The two-headed ogre barely misses you. x2
You barely miss the two-headed ogre.
The two-headed ogre is lightly wounded.
The two-headed ogre barely misses you.
The two-headed ogre hits you with a +0 giant club!!
You die...
Your body crumbles into a pile of gold.

........ . #....... .. #.....#
... #.....# ## Z... #.....# .#
....# #.....# .#.....#
#.#+#+####.....# .'.#
#......@Oc.....# .#.#
#....#'###.....# + .#.# #....#.
#.....# #. .#.# #....#. #.....#
#.. ##.# #....#. #.....# #...#
#..# #....#. #.....#####.... #..#
#....#. #.............. #..#
#....#####..............
...#######.......................


You could see a two-headed ogre and a centaur.

Vanquished Creatures
  A two-headed ogre (D:8)
  A steam dragon (D:9)
  5 yaks (D:8)
  Menkaure (D:4)
  2 ice beasts
  A necrophage (D:5)
  6 orc warriors
  A black bear (D:6)
  2 sky beasts
  2 ogres (D:6)
  3 centaurs
  A phantom (D:6)
  A kobold brigand (D:6)
  2 bullfrogs
  Blork the orc (D:5)
  A wyvern zombie (D:8)
  A gnoll sergeant (D:7)
  A water moccasin skeleton (D:6)
  4 killer bees (D:9)
  3 wights
  7 centaur zombies
  5 orc priests
  2 hounds
  3 centaur skeletons
  A gnoll shaman (D:6)
  3 iguanas
  9 orc wizards
  A howler monkey zombie (D:10)
  Robin (D:2)
  3 adders
  15 gnolls
  2 white imps
  An ufetubus (D:6)
  2 worms (D:2)
  3 dart slugs
  28 orcs
  4 ball pythons
  4 endoplasms
  3 giant cockroaches
  12 goblins
  9 hobgoblins
  8 jackals
  2 quokkas
  5 bats
  3 frilled lizards
  11 kobolds
  6 rats
193 creatures vanquished.

Vanquished Creatures (collateral kills)
  Harold (D:9)
  A two-headed ogre (D:9)
2 creatures vanquished.

Vanquished Creatures (others)
  4 orc wizards (D:6)
4 creatures vanquished.

Grand Total: 199 creatures vanquished

Notes
Turn   | Place    | Note
-------+----------+-------------------------------------------
     0 | D:1      | Strat the Mummy Hunter began the quest for the Orb.
     0 | D:1      | Reached XP level 1. HP: 16/16 MP: 1/1
   671 | D:1      | Reached XP level 2. HP: 20/22 MP: 2/2
  1400 | D:2      | Reached XP level 3. HP: 24/27 MP: 3/3
  1579 | D:2      | Found a runed translucent door.
  1580 | D:2      | Noticed Crazy Yiuf
  1607 | D:2      | Found a broken altar of Ashenzari.
  2011 | D:2      | Found a faded altar of an unknown god.
  2395 | D:2      | Noticed Robin
  2453 | D:2      | Killed Robin
  2454 | D:2      | Reached XP level 4. HP: 16/33 MP: 4/4
  3466 | D:2      | Reached skill level 5 in Crossbows
  3894 | D:3      | Reached XP level 5. HP: 33/38 MP: 5/5
  4961 | D:4      | Identified a scroll of acquirement
  4961 | D:4      | Acquired 497 gold pieces
  4994 | D:4      | Reached skill level 1 in Armour
  5236 | D:4      | Reached XP level 6. HP: 40/46 MP: 6/6
  5389 | D:4      | Noticed Menkaure
  5393 | D:4      | Killed Menkaure
  5394 | D:4      | Reached skill level 3 in Fighting
  5649 | D:5      | Entered Level 5 of the Dungeon
  5696 | D:5      | Noticed Sigmund
  5696 | D:5      | Noticed Blork the orc
  5839 | D:5      | Reached skill level 4 in Fighting
  5839 | D:5      | Reached XP level 7. HP: 45/54 MP: 7/7
  5878 | D:5      | Killed Blork the orc
  6052 | D:5      | Learned a level 3 spell: Vampiric Draining
  6192 | D:5      | Found a staircase to the Ecumenical Temple.
  6209 | Temple   | Entered the Ecumenical Temple
  6299 | Temple   | Became a worshipper of Gozag Ym Sagoz the Greedy
  6851 | D:6      | Reached skill level 5 in Fighting
  7352 | D:6      | Reached skill level 6 in Fighting
  7352 | D:6      | Reached XP level 8. HP: 47/64 MP: 8/8
  7670 | D:6      | Reached skill level 7 in Fighting
  8043 | D:6      | Reached skill level 8 in Fighting
  8140 | D:6      | Found a sparkling altar of Nemelex Xobeh.
  8605 | D:7      | Reached skill level 9 in Fighting
  8662 | D:7      | Found a runed translucent door.
  8665 | D:7      | Found a shimmering altar of Xom.
  8665 | D:7      | Noticed Pooter's ghost (novice MiBe)
  8665 | D:7      | Noticed a +3 mace of chaos
  9240 | D:7      | Reached XP level 9. HP: 63/77 MP: 9/9
  9596 | D:7      | Noticed an ice statue
  9939 | D:8      | Reached skill level 10 in Fighting
  9955 | D:8      | Noticed a two-headed ogre
 10821 | D:8      | Reached skill level 5 in Armour
 11069 | D:8      | Killed a two-headed ogre
 11070 | D:8      | Reached skill level 11 in Fighting
 11303 | D:8      | Reached XP level 10. HP: 71/89 MP: 10/10
 11355 | D:8      | Reached skill level 12 in Fighting
 11646 | D:9      | Noticed a two-headed ogre
 11882 | D:9      | Noticed Harold
 12010 | D:9      | Killed Harold
 12038 | D:9      | Killed a two-headed ogre
 12564 | D:10     | Entered Level 10 of the Dungeon
 12582 | D:10     | Noticed a two-headed ogre
 12752 | D:10     | Noticed a two-headed ogre
 12770 | D:10     | Slain by a two-headed ogre

Illustrated notes

Levels and vault maps discovered:
D:1:      lightli_arrival_flooded_house, layout_basic
D:2:      layout_loops_corners, shapermc_ecumenical_altar_flowoftime,
          basic_altar, minmay_indecisive_spiral, uniq_robin,
          uniq_crazy_yiuf_cottage
D:3:      layout_basic
D:4:      layout_basic, uniq_menkaure
D:5:      layout_cave_pools, minmay_temple_entry_trees, uniq_sigmund,
          uniq_blork_the_orc
D:6:      layout_loops_ring, kennysheep_little_box,
          minmay_a_box_with_orc_wizards_in_it
D:7:      lemuel_ice_statue, layout_loops_ring, ebering_ghost_xom,
          nicolae_zen_rock_garden
D:8:      layout_cave_pools, minmay_checkerbox
D:9:      layout_loops_ring, statue_in_the_mist_lemuel, uniq_harold
D:10:     layout_irregular_city, dpeg_lair_monsters, uniq_maurice
Temple:   kilobyte_greek_temple

Skill      XL: |  1  2  3  4  5  6  7  8  9 10 |
---------------+-------------------------------+-----
Crossbows      | 4 5 |  5.5
Armour         | 1 2 4 5 7 |  7.7
Fighting       | 4 6 9 11 12 | 12.0
Dodging        | |  1.5
Stealth        | |  0.7

Action                   |  1- 3 |  4- 6 |  7- 9 | 10-12 || total
-------------------------+-------+-------+-------+-------++-------
Melee: Short sword       |    35 |       |       |       ||    35
       Dagger            |    98 |    76 |       |       ||   174
       War axe           |       |   108 |   228 |       ||   336
       Trident           |       |       |   179 |   175 ||   354
 Fire: Hand crossbow     |     9 |       |       |       ||     9
Invok: Potion Petition   |       |       |       |     1 ||     1
Evoke: Wand              |       |     4 |     8 |     3 ||    15
  Use: Scroll            |       |     7 |     5 |     4 ||    16
 Stab: Sleeping          |     2 |       |       |       ||     2
       Distracted        |       |       |     2 |     2 ||     4
Armor: Leather armour    |    51 |    21 |       |       ||    72
       Scale mail        |       |    74 |    82 |       ||   156
       Ring mail         |       |       |   164 |   129 ||   293
Dodge: Dodged            |    70 |    86 |   298 |   123 ||   577

Table legend: (Time is in decaauts)
 A = Elapsed time spent in this place.
 B = Non-inter-level travel time spent in this place.
 C = Inter-level travel time spent in this place.
 D = Time resting spent in this place.
 E = Time spent auto-exploring this place.
 F = Levels seen in this place.
 G = Mean time per level.
                   A        B        C        D        E       F      G
               +--------+--------+--------+--------+--------+-----+--------+
         Total |  13061 |  12286 |    775 |   2609 |   6869 |  11 | 1187.4 |
       Dungeon |  12928 |  12194 |    734 |   2609 |   6830 |  10 | 1292.8 |
        Temple |    132 |     91 |     41 |      0 |     39 |   1 |  132.0 |
               +--------+--------+--------+--------+--------+-----+--------+

Top non-repeatable levels by time:
     D:2: 2488 daAuts
     D:6: 1722 daAuts
     D:7: 1602 daAuts
     D:8: 1581 daAuts
     D:4: 1358 daAuts
     D:1: 1269 daAuts
     D:9: 1087 daAuts
     D:5: 959 daAuts
     D:3: 716 daAuts
    D:10: 144 daAuts
  Temple: 132 daAuts
